[Event "Late-Titled-Tuesday-Blitz-January-16-2024"]
[Site "Chess.com"]
[Date "2024.01.16"]
[Round "2"]
[White "koncheto"]
[Black "tptagain"]
[Result "0-1"]
[WhiteElo "2583"]
[BlackElo "2965"]
[TimeControl "180+1"]
[EndTime "14:16:25 PST"]
[Termination "tptagain won by resignation"]

1. e4 c6 2. d4 d5 3. Nc3 b5 4. a3 dxe4 5. Nxe4 Nf6 6. Nxf6+ exf6 7. Bd3 Qxd4 8. Ne2 Qd8 9. O-O Bd6 10. Ng3 O-O 11. f4 Na6 12. b4 Nc7 13. f5 Bxg3 14. hxg3 Qd4+ 15. Kh2 Qxa1 16. Rf4 Re8 17. Rh4 Nd5 18.
Qh5 Qxc1 19. Qxh7+ Kf8 20. Qh8+ Ke7 21. Qxg7 Bd7 22. Rh7 Kd6 23. Qxf7 Re7 0-1

[Event "Late-Titled-Tuesday-Blitz-January-16-2024"]
[Site "Chess.com"]
[Date "2024.01.16"]
[Round "2"]
[White "jcibarra"]
[Black "XeresLt"]
[Result "1-0"]
[WhiteElo "2892"]
[BlackElo "2558"]
[TimeControl "180+1"]
[EndTime "14:16:26 PST"]
[Termination "jcibarra won by resignation"]

1. e4 c5 2. Nf3 e6 3. d4 cxd4 4. Nxd4 Bc5 5. Be3 Qb6 6. Na3 a6 7. Nc4 Qc7 8. e5 b5 9. Qg4 g6 10. Nd6+ Bxd6 11. exd6 Qxd6 12. O-O-O Qc7 13. Qh4 e5 14.
Bxb5 Ne7 15. Qf6 Rf8 16. Bg5 Ng8 17. Qg7 f6 18. Ne6 1-0

[Event "Late-Titled-Tuesday-Blitz-January-16-2024"]
[Site "Chess.com"]
[Date "2024.01.16"]
[Round "2"]
[White "Rutricks"]
[Black "ozen_metehan"]
[Result "0-1"]
[WhiteElo "2714"]
[BlackElo "2452"]
[TimeControl "180+1"]
[EndTime "14:16:28 PST"]
[Termination "ozen_metehan won on time"]

1. c4 e5 2. g3 Nc6 3. Bg2 g6 4. Nc3 Bg7 5. Rb1 a5 6. e3 Nge7 7. Nge2 O-O 8. O-O d6 9. d4 exd4 10. exd4 Nf5 11. d5 Ne5 12. b3 h5 13. Ne4 h4 14.
Bg5 f6 15. Bd2 a4 16. Bc3 Bd7 17. Nf4 g5 18. Ne6 Bxe6 19. dxe6 hxg3 20. hxg3 Qe7 21. Re1 g4 22. Qc2 c6 23. Rbd1 Qxe6 24. Bb4 axb3 25. axb3 Rad8 26. Ba5 Ra8 27. Bc7 Nf3+ 28. Bxf3 gxf3 29.
Nxd6 Nd4 30. Qg6 Qh3 0-1

[Event "Late-Titled-Tuesday-Blitz-January-16-2024"]
[Site "Chess.com"]
[Date "2024.01.16"]
[Round "2"]
[White "Cambek64"]
[Black "shirovin"]
[Result "1-0"]
[WhiteElo "2445"]
[BlackElo "2008"]
[TimeControl "180+1"]
[EndTime "14:16:28 PST"]
[Termination "Cambek64 won by resignation"]

1. e4 c6 2. d4 d5 3. Nc3 dxe4 4.
Nxe4 Nf6 5. Ng3 h5 6. h3 h4 7. N3e2 Bf5 8. Nf3 e6 9. c3 Nbd7 10. Bg5 Qc7 11. Bxh4 O-O-O 12. Bg3 Bd6 13. Bxd6 Qxd6 14.
Ng3 Bg6 15. Bd3 Bh5 16. Qe2 g5 17. Nxh5 Nxh5 18. g3 g4 19. Ng5 Nxg3 20. fxg3 Qxg3+ 21. Kd2 Rdf8 22. Rag1 Qd6 23. hxg4 e5 24. Rxh8 Rxh8 25.
Nxf7 Qf6 26. Nxh8 Qxh8 27. Bf5 Kc7 28. Bxd7 Kxd7 29. Qxe5 Qxe5 30. dxe5 1-0

[Event "Late-Titled-Tuesday-Blitz-January-16-2024"]
[Site "Chess.com"]
[Date "2024.01.16"]
[Round "2"]
[White "SmirnovTimofey2000"]
[Black "SHIVACalypso"]
[Result "0-1"]
[WhiteElo "1985"]
[BlackElo "2442"]
[TimeControl "180+1"]
[EndTime "14:16:29 PST"]
[Termination "SHIVACalypso won on time"]

1. e4 e6 2. d4 d5 3. Nc3 Bb4 4.
Ne2 dxe4 5. a3 Ba5 6. b4 Bb6 7.
Nxe4 a5 8. Bb2 Nf6 9. N2g3 Nxe4 10. Nxe4 O-O 11. c4 c6 12. Be2 Nd7 13. O-O Nf6 14.
Bf3 Nxe4 15. Bxe4 axb4 16. axb4 Rxa1 17. Bxa1 Qh4 18. Qd3 Bd7 19. g3 Qh6 20. Bc3 Ra8 21.
Bd2 Qh3 22. Bg2 Qg4 23. Be4 f5 24. Bf3 Qxd4 25. Qxd4 Bxd4 0-1

[Event "Late-Titled-Tuesday-Blitz-January-16-2024"]
[Site "Chess.com"]
[Date "2024.01.16"]
[Round "2"]
[White "HalfIsCrayfish"]
[Black "NovakRatko"]
[Result "1-0"]
[WhiteElo "2609"]
[BlackElo "2307"]
[TimeControl "180+1"]
[EndTime "14:16:30 PST"]
[Termination "HalfIsCrayfish won by checkmate"]

1. d4 d5 2. c4 c5 3. cxd5 Qxd5 4.
Nf3 cxd4 5. Nc3 Qa5 6. Qxd4 Nc6 7. Qd5 Bg4 8. Qxa5 Nxa5 9. e4 a6 10. Ne5 Be6 11. b4 f6 12. bxa5 fxe5 13. Be3 Nf6 14.
f3 Rc8 15. Na4 Rc2 16. Nc5 Bc8 17. Rb1 Rxa2 18. Nxb7 e6 19. Bxa6 Rxg2 20. Bb5+ Kf7 21. Nd8+ Kg6 22. Kf1 Ra2 23. Rg1+ Kh5 24. Nf7 Rg8 25.
Rg5+ Kh4 26. Bf2+ Kh3 27. Rg3+ Kxh2 28. Rg2+ Kh3 29. Ng5# 1-0

[Event "Late-Titled-Tuesday-Blitz-January-16-2024"]
[Site "Chess.com"]
[Date "2024.01.16"]
[Round "2"]
[White "Bryanl106"]
[Black "GHANDEEVAM2003"]
[Result "0-1"]
[WhiteElo "2598"]
[BlackElo "2997"]
[TimeControl "180+1"]
[EndTime "14:16:31 PST"]
[Termination "GHANDEEVAM2003 won by checkmate"]

1. e4 c6 2. Nf3 d5 3. exd5 cxd5 4. Ne5 Nd7 5. d4 e6 6. Nf3 Bd6 7. Bd3 Ngf6 8. O-O Ne4 9. c4 O-O 10. Nc3 Nxc3 11. bxc3 dxc4 12. Bxc4 Qc7 13. Qb3 b6 14. h3 Bb7 15. Be2 Rac8 16. Bd2 Bd5 17. Qc2 Rfe8 18. Ng5 Nf6 19. Bd3 h6 20. Ne4 Bxe4 21.
Bxe4 Bh2+ 22. Kh1 Bf4 23. Be1 e5 24. Bf5 Rcd8 25. g3 exd4 26. gxf4 Qc4 27. Bd3 Qd5+ 28. Kh2 dxc3 29. Rd1 Qf3 30. Bxc3 Rc8 31. Qd2 Ne4 32. Bxe4 Rxe4 33. Rg1 Qxc3 34. Qxc3 Rxc3 35. Rd8+ Kh7 36. Rd7 Rxf4 37. Rg2 Rc2 38. Kg3 g5 39. Rxa7 Rc3+ 40.
Kh2 Rff3 41. h4 Rh3+ 42. Kg1 Rc1# 0-1

[Event "Late-Titled-Tuesday-Blitz-January-16-2024"]
[Site "Chess.com"]
[Date "2024.01.16"]
[Round "2"]
[White "cthulhuuu"]
[Black "Maitreia"]
[Result "0-1"]
[WhiteElo "2432"]
[BlackElo "2729"]
[TimeControl "180+1"]
[EndTime "14:16:31 PST"]
[Termination "Maitreia won by checkmate"]

1. e4 c5 2. Nf3 g6 3. g3 Bg7 4.
Bg2 Nc6 5. O-O Nf6 6. d3 O-O 7. c3 d6 8. Re1 Rb8 9. a4 a6 10. d4 cxd4 11. cxd4 Bg4 12. h3 Bxf3 13. Bxf3 e5 14. d5 Nd4 15. Bg2 b5 16. axb5 axb5 17. Be3 Nd7 18. Nd2 Nc5 19. Bxd4 exd4 20. Nb3 d3 21.
Rb1 Na4 22. Qd2 Qb6 23. Na5 Bxb2 24. Rxb2 Nxb2 25. Nc6 Nc4 26. Qxd3 Rbe8 27. Rb1 Qc5 28. h4 f5 29. exf5 Rxf5 30. h5 Qxf2+ 31. Kh2 Rxh5# 0-1

[Event "Late-Titled-Tuesday-Blitz-January-16-2024"]
[Site "Chess.com"]
[Date "2024.01.16"]
[Round "2"]
[White "ChristopherYoo"]
[Black "iulik86"]
[Result "1-0"]
[WhiteElo "2984"]
[BlackElo "2595"]
[TimeControl "180+1"]
[EndTime "14:16:32 PST"]
[Termination "ChristopherYoo won on time"]

1. d4 d5 2. c4 e6 3. Nf3 c6 4. Qc2 Nf6 5. Bg5 Nbd7 6. Nbd2 h6 7. Bh4 g5 8. Bg3 Nh5 9. e3 Nxg3 10. hxg3 Bg7 11. g4 b6 12. cxd5 cxd5 13. Bb5 Bb7 14. Ne5 Bxe5 15. dxe5 Rc8 16. Qa4 a6 17. Bxd7+ Qxd7 18.
Qb4 Qb5 19. Qxb5+ axb5 20. Nf3 Ke7 21. Nd4 b4 22. Kd2 f6 23. f4 gxf4 24. exf4 Rc4 25. Ke3 fxe5 26. fxe5 Rg8 27. Rxh6 Rxg4 28. Rh7+ Ke8 29. Nxe6 Rge4+ 30. Kd2 Rxe5 31. Rxb7 Rxe6 32. Rh1 Rd4+ 33. Kc1 Rc6+ 34. Kb1 1-0

[Event "Late-Titled-Tuesday-Blitz-January-16-2024"]
[Site "Chess.com"]
[Date "2024.01.16"]
[Round "2"]
[White "Valeron87"]
[Black "LUISMIGUELOV"]
[Result "0-1"]
[WhiteElo "2446"]
[BlackElo "2164"]
[TimeControl "180+1"]
[EndTime "14:16:40 PST"]
[Termination "LUISMIGUELOV won by resignation"]

1. e4 c6 2. d4 d5 3. f3 e6 4. Nc3 Nf6 5. e5 Nfd7 6. Nce2 c5 7. c3 Nc6 8. f4 cxd4 9. cxd4 Bb4+ 10. Bd2 Qh4+ 11. g3 Qe7 12. a3 Bxd2+ 13. Qxd2 a6 14. Nf3 b5 15. Bh3 g6 16. Rc1 Bb7 17. O-O h5 18. Rc2 Nb6 19. b3 Qxa3 20. Nc1 Qb4 21. Qd3 Qe7 22. Ng5 Nb4 23. Qd2 Nxc2 24. Qxc2 Rc8 25.
Qd2 b4 26. Nd3 a5 27. Nc5 Rxc5 28. dxc5 Qxc5+ 29. Rf2 O-O 30. g4 hxg4 31. Bxg4 d4 32. Bf3 Bxf3 33. Rxf3 Kg7 34. Ne4 Qd5 35. Qd3 Nd7 36. Ng5 Nc5 37. Qd1 d3 38. Rh3 Qd4+ 39.
Kf1 Qxf4+ 40. Nf3 Rd8 41. Kg2 d2 42. Rh4 Qe3 43. Rc4 Nd3 44. Qxd2 Nf4+ 0-1

[Event "Late-Titled-Tuesday-Blitz-January-16-2024"]
[Site "Chess.com"]
[Date "2024.01.16"]
[Round "2"]
[White "OYAcosta"]
[Black "lrjchess"]
[Result "0-1"]
[WhiteElo "2122"]
[BlackElo "2468"]
[TimeControl "180+1"]
[EndTime "14:16:40 PST"]
[Termination "lrjchess won on time"]

1. d4 Nf6 2. Nf3 g6 3. c4 Bg7 4. Nc3 O-O 5. e4 d6 6. h3 e5 7.
d5 Na6 8. Be3 Nc5 9. Nd2 a5 10. g4 Nfd7 11. Be2 c6 12. Qc2 a4 13. a3 Qa5 14. h4 cxd5 15. Nxd5 Nb3 16. Rd1 Ndc5 17.
O-O Nd4 18. Bxd4 exd4 19. Nb1 d3 20. Bxd3 Bxg4 21. f3 Bh3 22. Rfe1 Qd8 23. Qf2 f5 24. Nbc3 fxe4 25. Bxe4 Kh8 26. Qg3 Bf5 27. Ne3 Be5 28. Qg2 Qxh4 29. Bxf5 gxf5 30. Kf1 Rg8 31. Qf2 Bg3 0-1

[Event "Late-Titled-Tuesday-Blitz-January-16-2024"]
[Site "Chess.com"]
[Date "2024.01.16"]
[Round "2"]
[White "Machteldvf"]
[Black "Trovita84"]
[Result "1-0"]
[WhiteElo "2466"]
[BlackElo "2105"]
[TimeControl "180+1"]
[EndTime "14:16:42 PST"]
[Termination "Machteldvf won by resignation"]

1. e4 c5 2. Nf3 d6 3. d4 cxd4 4. Nxd4 Nf6 5. Nc3 a6 6. Bg5 e6 7.
f4 Be7 8. Qf3 Qc7 9. O-O-O Bd7 10. Bd3 Nc6 11. Nxc6 Bxc6 12. Rhe1 h6 13. Bxf6 Bxf6 14.
Nd5 exd5 15. exd5+ Kf8 16. dxc6 bxc6 17. Bc4 g6 18. f5 g5 19. Qa3 Rd8 20. Qxa6 Kg7 21. Qa3 d5 22. Bb3 Qxh2 23. Qc5 Qf4+ 24. Kb1 Rhe8 25.
Rxe8 Rxe8 26. a3 Qe5 27. c3 Rb8 28. Ka2 Qe2 29. Rb1 Qd2 30. Qxc6 d4 31. Qd5 Rf8 32. Rd1 Qf4 33. cxd4 Qc7 34. Rd3 Rd8 35. Qe4 Qa7 36.
d5 Qd7 37. d6 Qxd6 38. Rxd6 Rxd6 39. Qc4 1-0

[Event "Late-Titled-Tuesday-Blitz-January-16-2024"]
[Site "Chess.com"]
[Date "2024.01.16"]
[Round "2"]
[White "AntonSmirnov"]
[Black "nindjaxx8"]
[Result "1-0"]
[WhiteElo "2922"]
[BlackElo "2574"]
[TimeControl "180+1"]
[EndTime "14:16:43 PST"]
[Termination "AntonSmirnov won by resignation"]

1. e4 e6 2. d4 d5 3. Nc3 Bb4 4. e5 c5 5. a3 Bxc3+ 6. bxc3 Ne7 7. Qg4 Qc7 8. Qxg7 Rg8 9. Qxh7 cxd4 10. Rb1 dxc3 11.
f4 Nbc6 12. Nf3 Bd7 13. g3 O-O-O 14. Qd3 Na5 15. Bg2 Nf5 16. Nd4 Nxd4 17. Qxd4 b6 18. O-O Qc4 19. Be3 Ba4 20. Rfc1 Kd7 21. Rb4 Qxd4 22. Bxd4 Bc6 23. Bxc3 Rc8 24. Be1 Nc4 25. h4 Bb7 26. a4 Ne3 27. a5 Rxc2 28. Rxc2 Nxc2 29.
Rb1 Nxe1 30. Rxe1 Rxg3 31. Kh2 Rg4 32. Kh3 Rxf4 33. h5 Ke7 34. Rc1 Kf8 35. Rc7 Ba6 36.
Rxa7 Be2 37. h6 bxa5 38. Ra8+ Ke7 39. h7 Rf5 40. h8=Q Rh5+ 41. Qxh5 Bxh5 42. Ra7+ Kf8 43. Rxa5 Bg6 44. Kh4 Kg7 45. Kg5 Bf5 46. Ra7 d4 47.
Rd7 d3 48. Bf1 Kf8 49. Kf6 1-0

[Event "Late-Titled-Tuesday-Blitz-January-16-2024"]
[Site "Chess.com"]
[Date "2024.01.16"]
[Round "2"]
[White "SEBAZZANO"]
[Black "zverr1"]
[Result "0-1"]
[WhiteElo "2228"]
[BlackElo "2511"]
[TimeControl "180+1"]
[EndTime "14:16:43 PST"]
[Termination "zverr1 won on time"]

1. d4 Nf6 2. Bf4 g6 3. Nc3 d5 4.
e3 Bg7 5. h4 h6 6. Nf3 c6 7.
Ne5 Nbd7 8. Bd3 Nxe5 9. Bxe5 O-O 10. Bxf6 Bxf6 11. h5 g5 12. Qf3 e5 13. dxe5 Bxe5 14.
Bf5 Qf6 15. Bxc8 Bxc3+ 16. Ke2 Raxc8 17. bxc3 Qxc3 18. Rhc1 Qc4+ 19. Ke1 d4 20. Qf6 dxe3 21. Qxh6 exf2+ 22. Kxf2 Qc5+ 23. Kf1 Rce8 24. Qf6 Re5 0-1

[Event "Late-Titled-Tuesday-Blitz-January-16-2024"]
[Site "Chess.com"]
[Date "2024.01.16"]
[Round "2"]
[White "treadstone_71"]
[Black "Vlad_Lukiianchuk"]
[Result "0-1"]
[WhiteElo "2274"]
[BlackElo "2621"]
[TimeControl "180+1"]
[EndTime "14:16:44 PST"]
[Termination "Vlad_Lukiianchuk won by resignation"]

1. e4 c5 2. Nf3 Nc6 3. d4 cxd4 4. Nxd4 d6 5. Nc3 e6 6. g4 Nge7 7. Be3 Ng6 8. Be2 Be7 9. Qd2 a6 10. O-O-O Nxd4 11. Qxd4 O-O 12. f4 e5 13. Qd2 exf4 14. Bd4 Bg5 15. Bf3 Nh4 16. Qf2 Be6 17. Kb1 Rc8 18. Nd5 Bxd5 19. exd5 Re8 20. Rhe1 Qd7 21.
h3 Ng6 22. Be4 Bh4 23. Qf3 Bxe1 24. Bf5 Qc7 25. Bxc8 Qxc8 0-1

[Event "Late-Titled-Tuesday-Blitz-January-16-2024"]
[Site "Chess.com"]
[Date "2024.01.16"]
[Round "2"]
[White "alertakobra"]
[Black "Megagigahiper3345"]
[Result "1-0"]
[WhiteElo "2404"]
[BlackElo "2696"]
[TimeControl "180+1"]
[EndTime "14:16:47 PST"]
[Termination "alertakobra won by resignation"]

1. d4 Nf6 2. c4 g6 3. Nc3 d5 4. Nf3 Bg7 5. Bf4 O-O 6. Rc1 dxc4 7. e4 Bg4 8. Bxc4 Nc6 9. d5 Nh5 10. Be3 Bxf3 11. gxf3 Ne5 12. Be2 Nd7 13. f4 Nhf6 14.
e5 Ne8 15. h4 c6 16. h5 Nc7 17. Bc4 Nb6 18. Bxb6 axb6 19. hxg6 hxg6 20. Qf3 cxd5 21.
Nxd5 Nxd5 22. Bxd5 e6 23. Bb3 Qd4 24. Kf1 Rac8 25.
Rd1 Qxb2 26. Qxb7 Rfd8 27. Kg2 Bf8 28. Bxe6 1-0

[Event "Late-Titled-Tuesday-Blitz-January-16-2024"]
[Site "Chess.com"]
[Date "2024.01.16"]
[Round "2"]
[White "Anna20240"]
[Black "IgorBjelobrk"]
[Result "0-1"]
[WhiteElo "1015"]
[BlackElo "2644"]
[TimeControl "180+1"]
[EndTime "14:16:49 PST"]
[Termination "IgorBjelobrk won by resignation"]

1. d4 e6 2. c4 b6 3. Nf3 Bb7 4. g3 f5 5. Bg2 Nf6 6. Nc3 Bb4 7. O-O O-O 8. Qc2 Bxc3 9. bxc3 Be4 10. Qb3 Nc6 11. Bf4 Na5 12. Qb4 Rc8 13. Ne5 c5 14.
dxc5 Rxc5 15. Bxe4 Nxe4 16. Nd3 Rxc4 17. Qb5 Nxc3 18. Qb2 d5 19. Ne5 Rc8 20. Rac1 d4 21. Nd3 Nc4 22. Qc2 Qd5 23. Nb4 Qe4 24. Rfe1 e5 25.
Bg5 h6 26. Be7 Rfe8 27. Qxe4 fxe4 28. Bh4 g5 29. Bxg5 hxg5 30. e3 a5 31. Nc2 0-1

[Event "Late-Titled-Tuesday-Blitz-January-16-2024"]
[Site "Chess.com"]
[Date "2024.01.16"]
[Round "2"]
[White "GoltsevDmitry2000"]
[Black "EsmeraldasAnderson03"]
[Result "1-0"]
[WhiteElo "2731"]
[BlackElo "2394"]
[TimeControl "180+1"]
[EndTime "14:16:49 PST"]
[Termination "GoltsevDmitry2000 won by checkmate"]

1. e4 c5 2. Nf3 d6 3. d4 cxd4 4. Nxd4 Nf6 5. Nc3 a6 6. Be2 e5 7.
Nf5 d5 8. Bg5 d4 9. Bxf6 gxf6 10. Nb1 Bxf5 11. exf5 Nc6 12. Nd2 Qb6 13. O-O Be7 14.
Ne4 O-O-O 15. Bc4 Rhg8 16. Bxf7 Rg7 17. Be6+ Kb8 18. a3 Na7 19. b4 Nb5 20. Qd3 Nc7 21.
Bb3 Nd5 22. Bxd5 Rxd5 23. Qc4 Rd8 24. Rab1 Rc8 25. Qd3 Qc6 26. Rb2 Rcg8 27. g3 h5 28. b5 axb5 29. Rxb5 Bd8 30. Rfb1 h4 31. Rc5 Qa4 32. Rb4 Qd7 33. Rbc4 Bb6 34. Rb5 Bd8 35. Rcb4 Qc6 36. Nc5 h3 37. Qe4 Qxe4 38. Nxe4 Rc7 39. Nc5 Rgg7 40. Na6+ Ka7 41. Nxc7 Rxc7 42. Rb2 b6 43.
Rxb6 Rc3 44. Rb7+ Ka6 45. Rb8 Bc7 46. Ra8# 1-0

[Event "Late-Titled-Tuesday-Blitz-January-16-2024"]
[Site "Chess.com"]
[Date "2024.01.16"]
[Round "2"]
[White "GMJustin"]
[Black "AldokhinIvan"]
[Result "0-1"]
[WhiteElo "2339"]
[BlackElo "2574"]
[TimeControl "180+1"]
[EndTime "14:16:49 PST"]
[Termination "AldokhinIvan won on time"]

1. d4 Nf6 2. c4 g6 3. Nc3 Bg7 4.
e4 O-O 5. Be2 d6 6. Nf3 Nc6 7. d5 Nb4 8. Rb1 Re8 9. a3 Na6 10.
b4 e6 11. O-O exd5 12. exd5 Nb8 13. Nd4 a5 14. h3 axb4 15. axb4 Ne4 16. Bb2 Na6 17. Nxe4 Rxe4 18. Bf3 Re8 19. Qd2 Bd7 20. Rfe1 Qh4 21. Bc3 Bh6 22. Qd3 Qg5 23. Rxe8+ Rxe8 24. Re1 Rxe1+ 25. Bxe1 Bxh3 26. Qe2 Bd7 27. Nb5 Qc1 28.
Kh2 Bxb5 29. cxb5 Nxb4 30. Bxb4 Qf4+ 31. g3 Qxb4 0-1

[Event "Late-Titled-Tuesday-Blitz-January-16-2024"]
[Site "Chess.com"]
[Date "2024.01.16"]
[Round "2"]
[White "pirulillo"]
[Black "jmpion"]
[Result "0-1"]
[WhiteElo "2273"]
[BlackElo "2526"]
[TimeControl "180+1"]
[EndTime "14:16:49 PST"]
[Termination "jmpion won on time"]

1. e4 e5 2. Bc4 Nf6 3. d3 c6 4. Nf3 d5 5. Bb3 Bd6 6. Nc3 d4 7. Ne2 h6 8. Ng3 a5 9. a4 Be6 10. Bxe6 fxe6 11. O-O Nbd7 12. Nh4 Nf8 13. c3 g5 14. Nf3 g4 15. Nd2 h5 16. Nc4 Ng6 17.
cxd4 exd4 18. e5 Nxe5 19. Nxe5 Bxe5 20. Re1 Bxg3 21. fxg3 Qd5 22. Bf4 Nd7 23. Re4 O-O-O 24. Rc1 e5 25. Bg5 Rdg8 26. Bd2 Nc5 27. Re1 Nxd3 28.
Bxa5 Nxc1 0-1

[Event "Late-Titled-Tuesday-Blitz-January-16-2024"]
[Site "Chess.com"]
[Date "2024.01.16"]
[Round "2"]
[White "TheCount"]
[Black "Nick12772"]
[Result "1-0"]
[WhiteElo "2614"]
[BlackElo "2353"]
[TimeControl "180+1"]
[EndTime "14:16:53 PST"]
[Termination "TheCount won by resignation"]

1. d4 Nf6 2. c4 g6 3. Nc3 d5 4. cxd5 Nxd5 5. e4 Nxc3 6. bxc3 Bg7 7. Bc4 c5 8. Ne2 Nc6 9. Be3 O-O 10. O-O Qc7 11. Rc1 Rd8 12. Qd2 e6 13. Rfd1 b6 14. Bg5 Rd7 15. Bf4 Qd8 16. d5 Na5 17. Bb5 Bb7 18. Bxd7 Qxd7 19. dxe6 Qxe6 20. Qd8+ Rxd8 21.
Rxd8+ Bf8 22. Bh6 Qd6 23. Rxd6 Bxd6 24. Rd1 Nc4 25. e5 1-0

[Event "Late-Titled-Tuesday-Blitz-January-16-2024"]
[Site "Chess.com"]
[Date "2024.01.16"]
[Round "2"]
[White "pr1105"]
[Black "secretsuperstar7"]
[Result "1-0"]
[WhiteElo "2260"]
[BlackElo "2496"]
[TimeControl "180+1"]
[EndTime "14:16:53 PST"]
[Termination "pr1105 won by checkmate"]

1. e4 c5 2. Nf3 d6 3. d4 cxd4 4. Nxd4 Nf6 5. Nc3 a6 6. f3 e5 7. Nb3 Be7 8. Be3 O-O 9. Qd2 Be6 10. O-O-O Nc6 11. g4 b5 12. g5 Nd7 13. Nd5 Bxd5 14. exd5 Na7 15. h4 Nb6 16. Na5 Rc8 17. Kb1 Qc7 18. Qf2 Bd8 19. Bh3 Rb8 20. b3 Ra8 21. Rc1 Nc4 22. Nxc4 bxc4 23. a4 Nc8 24. Bf1 Rb8 25.
Ka2 Nb6 26. Bxb6 cxb3+ 27. cxb3 Qxc1 28. Be3 Qc3 29. Bc4 Ba5 30. Rc1 Qb4 31. h5 Rfc8 32. Qe2 Rc7 33. f4 exf4 34. Bxf4 Rcc8 35. h6 Re8 36. Qb2 Re5 37. Bxe5 dxe5 38. Qxe5 Qd2+ 39.
Kb1 Rxb3+ 40. Bxb3 Qd3+ 41. Bc2 f6 42. Qe8# 1-0

[Event "Late-Titled-Tuesday-Blitz-January-16-2024"]
[Site "Chess.com"]
[Date "2024.01.16"]
[Round "2"]
[White "ChessicallyInclined"]
[Black "EddieUrquhart"]
[Result "1-0"]
[WhiteElo "2725"]
[BlackElo "2423"]
[TimeControl "180+1"]
[EndTime "14:16:54 PST"]
[Termination "ChessicallyInclined won by resignation"]

1. Nf3 Nf6 2. c4 e6 3. g3 d5 4. Bg2 Be7 5. O-O O-O 6. b3 b6 7.
Bb2 Bb7 8. d3 c5 9. Nbd2 Nc6 10.
Ne5 Nxe5 11. Bxe5 Qd7 12. Qc2 d4 13. Bxb7 Qxb7 14. Bxf6 Bxf6 15. a3 g6 16. b4 e5 17.
bxc5 bxc5 18. Rab1 Qc6 19. Ne4 Bg7 20. Rb5 f5 21.
Rxc5 Qa6 22. Ng5 Qxa3 23. Rb5 Bf6 24. Ne6 Rf7 25. c5 Re8 26. Qc4 Qc3 27. Qd5 h5 28. c6 Rc8 29. Rc5 Qd2 30. c7 Qxe2 31. Nd8 Bxd8 32. cxd8=Q+ Rxd8 33. Qxd8+ Kg7 34. Rc8 1-0

[Event "Late-Titled-Tuesday-Blitz-January-16-2024"]
[Site "Chess.com"]
[Date "2024.01.16"]
[Round "2"]
[White "Hikaru"]
[Black "jinbojinbo"]
[Result "1-0"]
[WhiteElo "3232"]
[BlackElo "2641"]
[TimeControl "180+1"]
[EndTime "14:16:55 PST"]
[Termination "Hikaru won by resignation"]

1. Nf3 Nf6 2. b3 d5 3. Bb2 e6 4. e3 c5 5. c4 Be7 6. cxd5 exd5 7. d4 O-O 8. Be2 Ne4 9. dxc5 Bf6 10. Bxf6 Qxf6 11. Qd4 Qd8 12. O-O Nc6 13. Qb2 Nxc5 14.
Rd1 Be6 15. Nc3 Qf6 16. Nd4 Rac8 17. Rac1 Ne4 18. Bf3 Nxc3 19. Rxc3 Ne5 20. Be2 Rxc3 21. Qxc3 Rc8 22. Qa5 a6 23. Qb4 Rc7 24. Qd6 Rc8 25. Qb4 Rc7 26. h3 h6 27. Qd6 Rc8 28. a4 Nc6 29.
Bf3 Nxd4 30. Rxd4 Rc3 31. Qb8+ Kh7 32. Qxb7 Rc1+ 33. Bd1 Qg6 34. Qxa6 Bxh3 35. Qxg6+ 1-0

[Event "Late-Titled-Tuesday-Blitz-January-16-2024"]
[Site "Chess.com"]
[Date "2024.01.16"]
[Round "2"]
[White "alexrustemov"]
[Black "drdaro"]
[Result "1-0"]
[WhiteElo "2844"]
[BlackElo "2408"]
[TimeControl "180+1"]
[EndTime "14:16:55 PST"]
[Termination "alexrustemov won by resignation"]

1. d4 d6 2. e4 g6 3. f3 Bg7 4.
Ne2 Nf6 5. c4 O-O 6. Nbc3 c5 7. d5 e6 8. Ng3 exd5 9. cxd5 Re8 10.
Be2 h5 11. Bg5 Qa5 12. O-O Na6 13. Qd2 Nc7 14. f4 Bg4 15. e5 Nfxd5 16. Bxg4 hxg4 17. exd6 Bd4+ 18. Kh1 Nb5 19. d7 Rf8 20. Nge4 f6 21. Nxd5 Qxd2 22. Ndxf6+ Bxf6 23. Nxd2 Bxg5 24. fxg5 Rad8 25.
Ne4 Nd4 26. Rad1 Ne6 27. Rf6 Rxf6 28. gxf6 Kf7 29. Rd6 Nd4 30. Ng5+ Kf8 31. f7 Nf5 32. Rxg6 Ke7 33. Rg8 Rf8 34. Rxf8 1-0

[Event "Late-Titled-Tuesday-Blitz-January-16-2024"]
[Site "Chess.com"]
[Date "2024.01.16"]
[Round "2"]
[White "santosalberto1987"]
[Black "cristiano78"]
[Result "1-0"]
[WhiteElo "2510"]
[BlackElo "2224"]
[TimeControl "180+1"]
[EndTime "14:16:56 PST"]
[Termination "santosalberto1987 won by resignation"]

1. e4 c5 2. Nf3 d6 3. Bb5+ Bd7 4. c4 a6 5. Bxd7+ Nxd7 6. d4 cxd4 7. Nxd4 g6 8. Nc3 Bg7 9. b3 Ngf6 10. f3 O-O 11.
Be3 Rc8 12. Rc1 Nc5 13. O-O Ne6 14. Qd2 Nxd4 15. Bxd4 Qd7 16. a4 Rc6 17. Nd5 Nxd5 18. exd5 Rc7 19. a5 h5 20. Rfe1 Re8 21. Bxg7 Kxg7 22.
Re3 e5 23. dxe6 Rxe6 24. Qd4+ Kg8 25. Rce1 Rxe3 26. Rxe3 Rc5 27. b4 Rc6 28. h3 Rc8 29.
Rd3 Qc7 30. Rc3 Re8 31. Kf2 Qe7 32. Re3 Qxe3+ 33. Qxe3 Rxe3 34. Kxe3 Kf8 35. Kd4 Ke7 36.
Kd5 f6 37. h4 Kd7 38. b5 Ke7 39. bxa6 bxa6 40. Kc6 g5 41. g3 gxh4 42. gxh4 Ke6 43. Kb6 Ke5 44. Kxa6 Kf4 45. Kb5 Kxf3 46. a6 f5 47. a7 f4 48. a8=Q+ Kg4 49. Qe4 1-0

[Event "Late-Titled-Tuesday-Blitz-January-16-2024"]
[Site "Chess.com"]
[Date "2024.01.16"]
[Round "2"]
[White "jinxy2009"]
[Black "gmpeter008"]
[Result "0-1"]
[WhiteElo "2254"]
[BlackElo "2519"]
[TimeControl "180+1"]
[EndTime "14:17:01 PST"]
[Termination "gmpeter008 won by checkmate"]

1. e4 e5 2. Nf3 Nc6 3. Bc4 Nf6 4. d3 Bc5 5. O-O O-O 6. h3 d6 7. c3 a5 8. Re1 Be6 9. Bb5 Ba7 10. Nbd2 Ne7 11.
Nf1 c6 12. Ba4 h6 13. Ng3 Kh7 14. d4 Ng6 15. Bc2 b6 16. Be3 b5 17. Qd2 c5 18. d5 Bd7 19. Nf5 Bxf5 20. exf5 Ne7 21. a4 bxa4 22. c4 Rb8 23. Bxa4 Rb4 24. Bb5 Nexd5 25. cxd5 Rxb5 26. g4 Qa8 27. Rad1 Rfb8 28. g5 Rxb2 29. Qc1 Nxd5 30. gxh6 Nxe3 31. Qxe3 gxh6 32. f6 R8b3 33. Rd3 c4 34. Rxb3 cxb3 35. Qd3+ Kh8 36. Qxd6 Bxf2+ 37. Kf1 Bxe1 38. Kxe1 Qe4+ 39. Kd1 Qe2+ 40. Kc1 Qc2# 0-1

[Event "Late-Titled-Tuesday-Blitz-January-16-2024"]
[Site "Chess.com"]
[Date "2024.01.16"]
[Round "2"]
[White "texie1"]
[Black "Felix-Rose"]
[Result "1-0"]
[WhiteElo "2512"]
[BlackElo "2236"]
[TimeControl "180+1"]
[EndTime "14:17:02 PST"]
[Termination "texie1 won on time"]

1. Nf3 d5 2. c4 e6 3. e3 Nf6 4. b3 Be7 5. Bb2 O-O 6. Qc2 b6 7. Be2 Bb7 8. g4 c5 9. g5 Ne4 10. h4 Nc6 11. a3 f5 12. gxf6 Bxf6 13. d3 Nd6 14. Nbd2 d4 15. e4 e5 16. O-O-O Qe7 17.
Rdg1 Kh8 18. Nf1 a6 19. Ng3 b5 20. Kb1 bxc4 21. bxc4 Rab8 22. Nh5 Bc8 23. Ka1 Na5 24. Rg2 Bd7 25. Rhg1 Rf7 26. Ng5 Rff8 27. Bd1 Nb3+ 28. Ka2 Ba4 29. Qe2 h6 30. Nxf6 Rxf6 31. Nf3 Ne8 32.
h5 Qd7 33. Nh4 Na5 34. Ng6+ Kg8 35. Nxe5 1-0